 Dungeon Crawl Stone Soup version 0.29-a0-414-g5075937ec3 (webtiles) character file.

Game seed: 16091220417138576343

89 xian the Cutter (level 4, -3/39 HPs)
             Began as a Palentonga Monk on May 15, 2022.
             Was a High Priest of Ignis.
             Slain by a gnoll
             ... wielding a +0 halberd
             ... led by a gnoll shaman
              (4 damage)
             ... on level 3 of the Dungeon.
             The game lasted 00:10:06 (2336 turns).

xian the Cutter (Palentonga Monk)                   Turns: 2336, Time: 00:10:07

Health: -3/39      AC:  5    Str: 16    XL:     4   Next: 31%
Magic:  4/4        EV:  5    Int: 10    God:    Ignis [*****.]
Gold:   88         SH:  0    Dex: 13    Spells: 3/3 levels left

rFire   . . .      SeeInvis +   p - staff of earth
rCold   + . .      Faith    .   (no shield)
rNeg    . . .      Spirit   .   k - +0 ring mail
rPois   .          Reflect  .   (no helmet)
rElec   .          Harm     .   (no cloak)
rCorr   .          Rampage  .   (no gloves)
Will    .....                   (no barding)
Stlth   +.........              (no amulet)
HPRegen 0.13/turn               w - ring of ice
MPRegen 0.09/turn               (no ring)

@: held
A: large, rugged brown scales 3, see invisible, deformed body, roll 1, armoured
tail
a: Rolling Charge, Renounce Religion, Fiery Armour, Foxfire Swarm, Rising Flame


You were on level 3 of the Dungeon.
You worshipped Ignis.
Ignis was extremely pleased with you.
You visited 1 branch of the dungeon, and saw 3 of its levels.

You collected 88 gold pieces.

Inventory:

Hand Weapons
 n - a +0 arbalest
 o - a +0 vorpal flail
Missiles
 l - 2 poisoned darts (quivered)
Armour
 b - a +0 robe
 k - a +0 ring mail (worn)
Magical Staves
 p - a staff of earth (weapon)
 v - a staff of poison
Jewellery
 w - a ring of ice (left hand)
Scrolls
 a - a scroll of immolation {unknown}
 e - a scroll of poison {unknown}
 f - a scroll of vulnerability {unknown}
 g - 2 scrolls of identify {unknown}
 q - 3 scrolls of silence {unknown}
 r - a scroll of fog {unknown}
 s - a scroll of blinking {unknown}
 t - a scroll of teleportation {unknown}
 u - a scroll of noise {unknown}
Potions
 c - 2 potions of ambrosia
 d - a potion of curing {unknown}
 h - a potion of resistance {unknown}
 i - a potion of cancellation {unknown}
 j - a potion of might {unknown}
 m - 3 potions of mutation {unknown}


   Skills:
 + Level 3.6 Fighting
 + Level 3.9 Short Blades
 + Level 0.3 Staves
 + Level 0.4 Armour
 + Level 3.0 Dodging
 + Level 1.3 Stealth


You had 3 spell levels left.
You didn't know any spells.
Your spell library was empty.

Dungeon Overview and Level Annotations

Branches:
Dungeon (3/15)

Altars:
Trog
Ignis


Innate Abilities, Weirdness & Mutations

You are completely covered in rugged brown scales. (AC +3, +7% HP)
You have supernaturally acute eyesight. (SInv)
Armour fits poorly on your strangely shaped body.
You can roll at nearby foes to attack.
You have a long armoured tail.


Message History

The gnoll shaman shouts!
You tail-slap the bat.
The bat is severely wounded.
The bat hits you but does no damage.
The bat hits the plant.
The plant begins to die.
The bat hits you but does no damage.
The gnoll hits you from afar with a +0 spear. x2
You aren't carrying any items that you can evoke.
You aren't carrying any items that you can evoke.
Hit: p) staff of earth
Press: ? - help, Dir - move target, f - plant
Aim: a plant (lightly damaged, withering away, about 2% to evade your staff of earth)
Your weapon can't reach that far!
Okay, then.
Hit: p) staff of earth
Press: ? - help, Dir - move target, f - bat
Aim: a bat (severely wounded, about 52% to evade your staff of earth)
Okay, then.
The bat completely misses you.
The gnoll hits the plant with a +0 halberd.
The plant begins to die.
A worm comes into view.
You barely miss the bat.
The bat is heavily wounded.
The bat closely misses you. The gnoll hits you but does no damage.
The bat barely misses you.
You hit the bat. You tail-slap the bat.
You kill the bat!
A nearby plant withers and dies.
The gnoll hits you from afar with a +0 halberd!
The gnoll throws a throwing net.
The throwing net hits you.
You become entangled in the net!
The gnoll completely misses you.
You cannot attack while held in a net.
You struggle against the net.
The gnoll hits you from afar with a +0 halberd!
* * * LOW HITPOINT WARNING * * *
The gnoll hits you from afar with a +0 spear.
* * * LOW HITPOINT WARNING * * *
You struggle against the net.
A nearby plant withers and dies.
The gnoll hits you from afar with a +0 halberd.
You die...

#.......#..
#.......#..
#.......#..
########
##..#######
#......#####..##
#...)..#.....##
#......#.######
#...........>.#
#....@g#####....
#.......g..# ##
#.$..gPg.....#
##..Pg.......#
#..P.....P.##
#.w........#
#..PP....P.#
#..P.P.P.P.#


You could see a gnoll shaman, a worm and 4 gnolls.

Vanquished Creatures
  Terence (D:2)
  2 dart slugs
  5 ball pythons
  An endoplasm (D:2)
  5 giant cockroaches
  6 goblins
  8 hobgoblins
  6 jackals
  2 kobolds (D:1)
  2 quokkas (D:1)
  5 bats
  2 frilled lizards (D:2)
  5 rats
50 creatures vanquished.

Vanquished Creatures (others)
  14 foxfires (D:1)
  2 plants (D:3)
16 creatures vanquished.

Grand Total: 66 creatures vanquished

Notes
Turn   | Place    | Note
-------+----------+-------------------------------------------
     0 | D:1      | xian the Palentonga Monk began the quest for the Orb.
     0 | D:1      | Reached XP level 1. HP: 19/19 MP: 1/1
   214 | D:1      | Reached XP level 2. HP: 14/25 MP: 2/2
   607 | D:1      | Found a faded altar of an unknown god.
   614 | D:1      | Prayed at the altar of an unknown god.
   614 | D:1      | Became a worshipper of Ignis, the Dying Flame
   614 | D:1      | Reached ****** piety under Ignis
  1028 | D:1      | Reached XP level 3. HP: 27/31 MP: 3/3
  1442 | D:2      | Noticed Terence
  1457 | D:2      | Killed Terence
  1458 | D:2      | Reached XP level 4. HP: 16/38 MP: 4/4
  1665 | D:2      | Found a bloodstained altar of Trog.
  2335 | D:3      | HP: 1/39 [gnoll/+0 spear[a gnoll shaman] (4)]
  2336 | D:3      | Slain by a gnoll

Illustrated notes

Levels and vault maps discovered:
D:1:      psy_arrival_statuary, layout_basic,
          dilly_ecumenical_altar_fadedgnrine, minmay_crystal_room
D:2:      layout_loops_cross, basic_altar, uniq_terence
D:3:      layout_rooms, mainiacjoe_overflow_boulevard, nicolae_grassy_gnolls,
          uniq_crazy_yiuf_cottage

Skill      XL: |  1  2  3 |
---------------+----------+-----
Dodging        | 3 |  3.0
Fighting       | |  3.6
Short Blades   | |  3.9
Staves         | |  0.3
Armour         | |  0.4
Stealth        | |  1.3

Action                   |  1- 3 |  4- 6 || total
-------------------------+-------+-------++-------
Melee: Short sword       |   107 |       ||   107
       Tailslap          |    16 |     7 ||    23
       Staff             |       |    52 ||    52
       Flail             |       |     1 ||     1
Throw: Dart              |     2 |       ||     2
Invok: Foxfire Swarm     |     1 |       ||     1
Armor: Robe              |    26 |       ||    26
       Ring mail         |    15 |    41 ||    56
Dodge: Dodged            |    55 |    30 ||    85

Table legend: (Time is in decaauts)
 A = Elapsed time spent in this place.
 B = Non-inter-level travel time spent in this place.
 C = Inter-level travel time spent in this place.
 D = Time resting spent in this place.
 E = Time spent auto-exploring this place.
 F = Levels seen in this place.
 G = Mean time per level.
                   A        B        C        D        E       F      G
               +--------+--------+--------+--------+--------+-----+--------+
         Total |   2338 |   2306 |     32 |    273 |   1348 |   3 |  779.3 |
       Dungeon |   2338 |   2306 |     32 |    273 |   1348 |   3 |  779.3 |
               +--------+--------+--------+--------+--------+-----+--------+

Top non-repeatable levels by time:
     D:1: 1234 daAuts
     D:2: 901 daAuts
     D:3: 201 daAuts
